 Dungeon Crawl Stone Soup version 0.31-a0-256-g80acddb972 (webtiles) character file.

Game seed: 4417151867907799479

2596 qw the Skirmisher (level 9, -3/89 HPs)
             Began as a Minotaur Hexslinger on July 12, 2023.
             Was a Follower of Okawaru.
             Slain by a gnoll
             ... wielding a +1 spear of venom
             ... led by a gnoll bouda
              (4 damage)
             ... on level 8 of the Dungeon.
             The game lasted 00:02:54 (5683 turns).

qw the Skirmisher (Minotaur Hexslinger)             Turns: 5683, Time: 00:02:54

Health: -3/89      AC:  8    Str: 13    XL:     9   Next: 33%
Magic:  6/9        EV: 17    Int: 13    God:    Okawaru [*.....]
Gold:   225        SH:  5    Dex: 21    Spells: 9/10 levels left

rFire   . . .        Y - +0 shortbow
rCold   . . .        (shield currently unavailable)
rNeg    . . .        k - +0 ring mail
rPois   +            (helmet restricted)
rElec   .            (no cloak)
rCorr   +            d - +0 pair of gloves
SInv    .            (no boots)
Will    .....        e - amulet of reflection
Stlth   +++          m - ring of poison resistance
HPRegen 0.34/turn    n - ring of Moderation {rCorr Int+3 Dex+4}
MPRegen 0.11/turn

%: reflection
@: heroic
A: horns 2, retaliatory headbutt
a: Renounce Religion, Heroism


You were on level 8 of the Dungeon.
You worshipped Okawaru.
Okawaru was aware of your devotion.
You visited 2 branches of the dungeon, and saw 8 of its levels.
You also visited: Ossuary.

You collected 225 gold pieces.


Innate Abilities, Weirdness & Mutations

You have a pair of horns on your head.
You reflexively headbutt those who attack you in melee.


   Skills:
 - Level 11.0(16.0) Fighting
 - Level 13.0(18.0) Ranged Weapons
 - Level 3.0(8.0) Armour
 + Level 5.4(10.4) Dodging
 - Level 1.0 Spellcasting
 - Level 2.0 Hexes
 + Level 2.0 Invocations


You had 9 spell levels left.
You knew the following spells:

 Your Spells              Type           Power      Damage    Failure   Level
a - Slow                  Hex            20%        N/A       24%         1

Your spell library contained the following spells:

 Spells                   Type           Power      Damage    Failure   Level
 Inner Flame              Hex/Fire       3%         N/A       71%         3
 Portal Projectile        Hex/Tloc       6%         N/A       71%         3
 Cause Fear               Hex            2%         N/A       93%         4

Inventory:

Hand Weapons
 Y - a +0 shortbow (weapon)
Armour
 d - a +0 pair of gloves (worn)
 k - a +0 ring mail (worn)
Jewellery
 e - an amulet of reflection (around neck)
 m - a ring of poison resistance (left hand)
 n - the ring of Moderation (right hand) {rCorr Int+3 Dex+4}
   (You found it in an ossuary)

   [ring of resist corrosion]

   Int:       It affects your intelligence (+3).
   Dex:       It affects your dexterity (+4).
   rCorr:     It protects you from acid and corrosion.
 q - a ring of ice
Scrolls
 a - 2 scrolls of identify
Potions
 c - a potion of resistance
 g - 5 potions of enlightenment
 i - a potion of curing
 l - a potion of haste
 r - a potion of cancellation

Dungeon Overview and Level Annotations

Branches:
Dungeon (6/15)             Temple (1/1) D:5         Ossuary (visited)

Altars:
Ashenzari
Dithmenos
Fedhas
Gozag
Hepliaklqana
Kikubaaqudgha
Makhleb
Okawaru
Qazlal
Uskayaw
Wu Jian
Xom
Zin

Annotations:
D:6 exclusion: gnoll sergeant


Message History

You block the killer bee's attack. The killer bee closely misses you.
You block the killer bee's attack. The killer bee barely misses you.
The gnoll completely misses you.
You shoot an arrow. The arrow barely misses the killer bee.
The killer bee misses you.
The killer bee stings you but does no damage.
You block the killer bee's attack.
The killer bee stings you but does no damage.
The killer bee completely misses you. The gnoll barely misses you.
The gnoll completely misses you. The killer bee closely misses you.
You shoot an arrow. The arrow hits the killer bee.
The killer bee is severely wounded.
The killer bee stings you. The killer bee closely misses you.
The killer bee misses you.
You shoot an arrow.
The arrow closely misses the killer bee.
The killer bee stings you. You block the killer bee's attack.
The killer bee stings you. The gnoll hits you with a +0 whip.
The gnoll misses you.
The gnoll bouda hits you but does no damage.
The gnoll hits you with a +0 flail. The killer bee stings you.
The killer bee misses you. The killer bee stings you.
You shoot an arrow. The arrow misses the killer bee.
The arrow closely misses the gnoll.
The killer bee stings you. You block the killer bee's attack. x2
The gnoll barely misses you. You block the gnoll's attack.
The gnoll closely misses you. The gnoll bouda misses you. The gnoll misses you.
You shoot an arrow. The arrow hits the killer bee.
The killer bee is almost dead.
The killer bee stings you. x2
The killer bee stings you but does no damage.
The killer bee misses you. You furiously retaliate!
You headbutt the killer bee!
You kill the killer bee!
Okawaru accepts your kill. The killer bee completely misses you.
The killer bee stings you but does no damage.
The gnoll closely misses you. You block the gnoll's attack.
You block the gnoll bouda's attack. The gnoll barely misses you.
The gnoll hits you from afar with a +1 spear of venom.
You die...

###...#
##.....#
....?.#
###.....#
##.......###
...........##
......yy....##
......g@g....#
......ggg....#
.......g.....#
.............#
?............#
............##
#..........##
######...###


You could see a gnoll bouda, 2 killer bees and 5 gnolls.

Vanquished Creatures
  A wraith (Ossuary)
  4 yaks (D:8)
  2 ice beasts
  2 centaurs (D:5)
  3 ogres
  2 phantoms
  2 gnoll sergeants
  2 scorpions
  A killer bee (D:8)
  5 jellies
  4 hounds
  2 orc priests
  2 iguanas (D:5)
  An orc wizard (D:5)
  A sleepcap (D:5)
  4 mummies
  9 gnolls
  3 adders
  An ufetubus (D:4)
  3 worms
  4 dart slugs
  12 orcs
  7 ball pythons
  5 endoplasms
  3 giant cockroaches
  17 goblins
  10 hobgoblins
  2 jackals (D:1)
  2 quokkas
  5 bats
  A frilled lizard (D:1)
  A gnoll zombie (Ossuary)
  A goblin zombie (Ossuary)
  5 hobgoblin zombies (Ossuary)
  8 kobolds
  5 kobold zombies (Ossuary)
  6 rats
148 creatures vanquished.

Notes
Turn   | Place    | Note
-------+----------+-------------------------------------------
     0 | D:1      | qw the Minotaur Hexslinger began the quest for the Orb.
     0 | D:1      | Reached XP level 1. HP: 16/16 MP: 1/1
     0 | D:1      | 0 ||| qw: Version: 0.3-a-52-g30416fa
     0 | D:1      | 0 ||| qw: Game counter: 6767
     0 | D:1      | 0 ||| qw: Melee chars always use a shield: true
     0 | D:1      | 0 ||| qw: God list: Okawaru
     0 | D:1      | 0 ||| qw: Allow faded altars: false
     0 | D:1      | 0 ||| qw: Do Orc after clearing Dungeon:15 true
     0 | D:1      | 0 ||| qw: Do second Lair branch before Depths: true
     0 | D:1      | 0 ||| qw: Lair rune preference: random
     0 | D:1      | 0 ||| qw: Goals: Normal
     0 | D:1      | 0 ||| PLANNING D:1-11
   173 | D:1      | Reached skill level 3 in Ranged Weapons
   173 | D:1      | Reached XP level 2. HP: 23/23 MP: 2/2
   692 | D:1      | 692 ||| UPGRADING to amulet of the acrobat.
   697 | D:1      | 697 ||| READING 3 scrolls labelled GAT CIZEFA.
   698 | D:1      | 698 ||| READING scroll labelled XOAMOU APSOOJI.
   699 | D:1      | 699 ||| READING 2 scrolls of identify.
   699 | D:1      | 699 ||| IDENTIFYING bubbling cyan potion
   700 | D:1      | 700 ||| DROPPING scroll of poison.
   727 | D:2      | Reached XP level 3. HP: 29/29 MP: 3/3
   855 | D:2      | Reached skill level 4 in Ranged Weapons
  1337 | D:2      | 1337 ||| UPGRADING to +0 pair of gloves.
  1342 | D:2      | 1342 ||| READING scroll labelled RILEFU HABUK.
  1343 | D:2      | 1343 ||| READING scroll labelled ACZIOT HEWI.
  1344 | D:2      | 1344 ||| READING scroll labelled UGHABR GINUBLA.
  1347 | D:2      | 1347 ||| READING 2 scrolls labelled SUNAFF KOGUHU.
  1348 | D:2      | 1348 ||| DRINKING 2 inky potions.
  1349 | D:2      | 1349 ||| DRINKING 2 glowing green potions.
  1349 | D:2      | Reached skill level 12 in Ranged Weapons
  1349 | D:2      | Reached XP level 4. HP: 36/36 MP: 4/4
  1350 | D:2      | 1350 ||| DRINKING potion of experience.
  1350 | D:2      | Reached XP level 5. HP: 60/60 MP: 5/5
  1351 | D:2      | 1351 ||| DROPPING scroll of noise.
  1463 | D:3      | 1463 ||| FLEEEEING.
  1464 | D:3      | 1464 ||| FLEEEEING.
  1465 | D:3      | 1465 ||| FLEEEEING.
  1466 | D:3      | 1466 ||| FLEEEEING.
  1472 | D:3      | 1472 ||| FLEEEEING.
  1473 | D:3      | 1473 ||| FLEEEEING.
  1476 | D:3      | 1476 ||| FLEEEEING.
  1477 | D:3      | 1477 ||| FLEEEEING.
  1478 | D:3      | 1478 ||| FLEEEEING.
  1480 | D:3      | 1480 ||| FLEEEEING.
  1482 | D:3      | 1482 ||| FLEEEEING.
  1483 | D:3      | 1483 ||| FLEEEEING.
  1484 | D:3      | 1484 ||| FLEEEEING.
  1485 | D:3      | 1485 ||| FLEEEEING.
  1486 | D:3      | 1486 ||| FLEEEEING.
  1487 | D:3      | 1487 ||| FLEEEEING.
  1488 | D:3      | 1488 ||| FLEEEEING.
  1489 | D:3      | 1489 ||| FLEEEEING.
  1490 | D:3      | 1490 ||| FLEEEEING.
  1491 | D:3      | 1491 ||| FLEEEEING.
  1492 | D:3      | 1492 ||| FLEEEEING.
  1493 | D:3      | 1493 ||| FLEEEEING.
  1494 | D:3      | 1494 ||| FLEEEEING.
  1495 | D:3      | 1495 ||| FLEEEEING.
  1496 | D:3      | 1496 ||| FLEEEEING.
  1497 | D:3      | 1497 ||| FLEEEEING.
  1499 | D:3      | 1499 ||| FLEEEEING.
  1501 | D:3      | 1501 ||| FLEEEEING.
  1502 | D:3      | 1502 ||| FLEEEEING.
  1503 | D:3      | 1503 ||| FLEEEEING.
  1504 | D:3      | 1504 ||| FLEEEEING.
  1505 | D:3      | 1505 ||| FLEEEEING.
  1506 | D:3      | 1506 ||| FLEEEEING.
  1507 | D:3      | 1507 ||| FLEEEEING.
  1508 | D:3      | 1508 ||| FLEEEEING.
  1509 | D:3      | 1509 ||| STAIRDANCE
  1733 | D:3      | Reached XP level 6. HP: 68/68 MP: 6/6
  2107 | D:3      | 2107 ||| UPGRADING to +0 ring mail.
  2117 | D:3      | 2117 ||| DROPPING +0 robe.
  2118 | D:3      | 2118 ||| READING 2 scrolls labelled SIGUTA ISOGI.
  2119 | D:3      | 2119 ||| DRINKING 2 silvery potions.
  2165 | D:3      | 2165 ||| DRINKING 2 green potions.
  2166 | D:3      | 2166 ||| DROPPING potion of lignification.
  2167 | D:3      | 2167 ||| DROPPING scroll of amnesia.
  2197 | D:4      | 2197 ||| PLANNING OSSUARY
  2384 | D:4      | Found a sand-covered staircase.
  2394 | Ossuary  | Entered an ossuary
  2394 | Ossuary  | Noticed a wraith
  2394 | Ossuary  | Noticed a wraith
  2394 | Ossuary  | Noticed a wraith
  2531 | Ossuary  | Reached skill level 1 in Armour
  2697 | Ossuary  | Noticed a wraith
  2710 | Ossuary  | Killed a wraith
  2894 | Ossuary  | Identified the ring of Moderation {rCorr Int+3 Dex+4}
  2934 | Ossuary  | 2934 ||| DROPPING ring of flight.
  2935 | Ossuary  | 2935 ||| UPGRADING to ring of poison resistance.
  2936 | Ossuary  | 2936 ||| UPGRADING to ring of Moderation {rCorr Int+3
                  | Dex+4}.
  2937 | Ossuary  | 2937 ||| DROPPING ring of magical power.
  2938 | Ossuary  | 2938 ||| READING scroll labelled LEVOAM BILI.
  2939 | Ossuary  | 2939 ||| READING 5 scrolls of identify.
  2939 | Ossuary  | 2939 ||| IDENTIFYING cyan potion
  2940 | Ossuary  | 2940 ||| READING 4 scrolls of identify.
  2940 | Ossuary  | 2940 ||| IDENTIFYING sapphire potion
  2941 | Ossuary  | 2941 ||| READING 3 scrolls of identify.
  2941 | Ossuary  | 2941 ||| IDENTIFYING viscous inky potion
  2942 | Ossuary  | 2942 ||| DROPPING potion of brilliance.
  2943 | Ossuary  | 2943 ||| DROPPING potion of degeneration.
  2972 | D:4      | 2972 ||| PLANNING D:1-11
  3005 | D:4      | Reached XP level 7. HP: 67/74 MP: 7/7
  3078 | D:4      | Reached skill level 3 in Dodging
  3435 | D:5      | Entered Level 5 of the Dungeon
  3589 | D:5      | 3589 ||| FLEEEEING.
  3743 | D:5      | Reached skill level 3 in Armour
  3760 | D:5      | Reached XP level 8. HP: 82/82 MP: 8/8
  3900 | D:5      | 3900 ||| FLEEEEING.
  4027 | D:5      | 4027 ||| SWAPPING to +0 shortbow.
  4028 | D:5      | 4028 ||| DROPPING +2 sling.
  4204 | D:5      | 4204 ||| FLEEEEING.
  4245 | D:5      | HP: 13/82 [centaur/arrow (12)]
  4246 | D:5      | 4246 ||| READING 2 scrolls of teleportation.
  4247 | D:5      | 4247 ||| DRINKING 2 potions of heal wounds.
  4280 | D:5      | 4280 ||| FLEEEEING.
  4590 | D:5      | 4590 ||| FLEEEEING.
  4591 | D:5      | 4591 ||| FLEEEEING.
  4592 | D:5      | 4592 ||| FLEEEEING.
  4593 | D:5      | 4593 ||| FLEEEEING.
  4594 | D:5      | 4594 ||| FLEEEEING.
  4597 | D:5      | 4597 ||| FLEEEEING.
  4598 | D:5      | 4598 ||| FLEEEEING.
  4599 | D:5      | 4599 ||| FLEEEEING.
  4600 | D:5      | 4600 ||| FLEEEEING.
  4601 | D:5      | 4601 ||| FLEEEEING.
  4605 | D:5      | 4605 ||| FLEEEEING.
  4606 | D:5      | 4606 ||| FLEEEEING.
  4607 | D:5      | 4607 ||| FLEEEEING.
  4688 | D:5      | Found a staircase to the Ecumenical Temple.
  4689 | D:5      | 4689 ||| PLANNING TEMPLE
  4689 | D:5      | 4689 ||| UPGRADING to amulet of reflection.
  4699 | D:5      | 4699 ||| DROPPING amulet of the acrobat.
  4700 | D:5      | 4700 ||| DROPPING ring of wizardry.
  4701 | D:5      | 4701 ||| READING scroll labelled HAR WADWUN.
  4702 | D:5      | 4702 ||| DRINKING 2 fuming purple potions.
  4703 | D:5      | 4703 ||| READING 3 scrolls of identify.
  4703 | D:5      | 4703 ||| IDENTIFYING fuming amethyst potion
  4712 | Temple   | Entered the Ecumenical Temple
  4774 | Temple   | 4774 ||| PLANNING OKAWARU WORSHIP
  5017 | Temple   | Became a worshipper of Warmaster Okawaru
  5018 | Temple   | 5018 ||| PLANNING D:1-11
  5495 | D:6      | Reached * piety under Okawaru
  5496 | D:6      | Reached XP level 9. HP: 89/89 MP: 9/9
  5631 | D:6      | You fall into a shaft and drop 2 floors!
  5642 | D:8      | 5642 ||| INVOKING Heroism.
  5643 | D:8      | 5643 ||| INVOKING Heroism.
  5654 | D:8      | Reached skill level 13 in Ranged Weapons
  5656 | D:8      | 5656 ||| INVOKING Heroism.
  5661 | D:8      | Reached skill level 1 in Invocations
  5669 | D:8      | HP: 18/89 [sky beast (6)]
  5670 | D:8      | 5670 ||| READING scroll of teleportation.
  5670 | D:8      | HP: 8/89 [sky beast (6)]
  5671 | D:8      | 5671 ||| DRINKING potion of heal wounds.
  5672 | D:8      | 5672 ||| INVOKING Heroism.
  5681 | D:8      | HP: 20/89 [killer bee (5)]
  5682 | D:8      | HP: 6/89 [killer bee (4)]
  5683 | D:8      | HP: 1/89 [killer bee (2)]
  5683 | D:8      | Slain by a gnoll

Levels and vault maps discovered:
D:1:      scummos_arrival_simple_fountains, layout_loops_ring,
          hangedman_decor_lopped, nicolae_hexahallways
D:2:      layout_basic
D:3:      layout_loops_ring, palyth_stone_intersect
D:4:      layout_basic, gup_ossuary_entry_pyramid, minmay_ogre_servants
D:5:      layout_basic, minmay_temple_entry_antechambers,
          kb_lookout_dungeons_type, chequers_serial_rivers_marsh,
          minmay_misc_feat_hallway
D:6:      layout_loops_ring
D:8:      layout_rooms, lightli_church_of_beogh
Temple:   compressed_dpeg_triangle_lava_temple

Skill      XL: |  1  2  3  4  5  6  7  8  9 |
---------------+----------------------------+-----
Ranged Weapons | 3 12 13 | 13.0
Fighting       | 2 11 | 11.0
Armour         | 2 3 |  3.0
Dodging        | 4 5 |  5.4
Invocations    | 2 |  2.0
Spellcasting   | |  1.0
Hexes          | |  2.0

Action                     |  1- 3 |  4- 6 |  7- 9 || total
---------------------------+-------+-------+-------++-------
   Fire: Sling             |    90 |   172 |   134 ||   396
         Shortbow          |       |       |   182 ||   182
 Invoke: Heroism           |       |       |     3 ||     3
    Use: Scroll            |     7 |     5 |     4 ||    16
         Potion            |     2 |     3 |     3 ||     8
 Armour: Robe              |     8 |       |       ||     8
         Ring mail         |       |     8 |    31 ||    39
  Dodge: Dodged            |    22 |    28 |   121 ||   171
  Block: Other             |       |       |    20 ||    20

Table legend:
 A = Non-vault XP
 B = Vault XP
 C = Vault XP percentage of total XP
 D = Non-vault monster count
 E = Vault monster count
 F = Vault count percentage of total count
                 A         B        C        D         E       F
            +---------+---------+-------+---------+---------+-------
      Total |    3011 |     523 |  14.8 |     121 |      27 |  18.2
            +---------+---------+-------+---------+---------+-------
        D:1 |      39 |       0 |   0.0 |      22 |       0 |   0.0
        D:2 |      38 |       0 |   0.0 |      14 |       0 |   0.0
        D:3 |      86 |       0 |   0.0 |      19 |       0 |   0.0
        D:4 |     284 |     149 |  34.4 |      21 |      10 |  32.3
        D:5 |    1032 |     106 |   9.3 |      30 |       1 |   3.2
        D:6 |     606 |       0 |   0.0 |       9 |       0 |   0.0
        D:8 |     926 |       0 |   0.0 |       6 |       0 |   0.0
    Ossuary |       0 |     268 | 100.0 |       0 |      16 | 100.0
            +---------+---------+-------+---------+---------+-------
